 Dungeon Crawl Stone Soup version 0.21-a0-442-g848f44b (webtiles) character file.

175 Moebius the Caller (level 5, -2/29 HPs)
             Began as a Tengu Summoner on Nov 15, 2017.
             Slain by a bullfrog (3 damage)
             ... on level 4 of the Dungeon.
             The game lasted 00:10:12 (2748 turns).

Moebius the Caller (Tengu Summoner)                 Turns: 2748, Time: 00:10:13

Health: -2/29      AC:  2    Str:  8    XL:     5   Next: 55%
Magic:  8/10       EV: 12    Int: 17    God:
Gold:   102        SH:  0    Dex: 14    Spells: 4/10 levels left

rFire    . . .     SeeInvis .   l - +2 whip (freeze)
rCold    . . .     Gourm    .   (no shield)
rNeg     . . .     Faith    .   a - +0 robe
rPois    .         Spirit   .   (helmet restricted)
rElec    .         Reflect  .   (no cloak)
rCorr    .         Harm     .   (no gloves)
MR       .....                  (boots unavailable)
Stlth    ++........             (no amulet)
HPRegen  0.09/turn              p - ring of wizardry
MPRegen  0.12/turn              (no ring)

@: no status effects
A: beak, talons 3, able to fly 1
a: Fly


You were on level 4 of the Dungeon.
You were not hungry.

You visited 1 branch of the dungeon, and saw 4 of its levels.

You collected 102 gold pieces.

Inventory:

Hand Weapons
 f - a +0 dagger
 k - a cursed +0 hunting sling
 l - a +2 whip of freezing (weapon)
 v - a +0 scythe
 x - a cursed +0 dagger
Missiles
 h - 19 arrows
 j - 58 sling bullets
 m - 7 curare-tipped needles
Armour
 a - a +0 robe (worn)
 w - a +0 robe
Jewellery
 d - an uncursed ring of positive energy
 p - a ring of wizardry (left hand)
 y - a +4 amulet of reflection {unknown}
Scrolls
 o - 3 scrolls of amnesia
 s - a scroll of remove curse
 u - a scroll of identify
Potions
 e - a potion of heal wounds {unknown}
 g - a potion of brilliance {unknown}
 i - a potion of lignification
 r - a potion of degeneration {unknown}
Books
 b - a book of Callings

   Spells                             Type                      Level
   a - Summon Small Mammal            Summoning                    1
   b - Call Imp                       Summoning                    2
   c - Call Canine Familiar           Summoning                    3
   d - Summon Guardian Golem          Hexes/Summoning              3
   e - Summon Lightning Spire         Summoning/Air                4
   f - Summon Ice Beast               Ice/Summoning                4
Comestibles
 c - 3 bread rations
 n - 2 royal jellies
 q - a meat ration
 t - 4 chunks of flesh


   Skills:
 + Level 1.3 Fighting
 + Level 1.4 Maces & Flails
 - Level 2.1 Dodging
 - Level 2.0 Stealth
 + Level 3.2 Spellcasting
 + Level 6.5 Summonings


You had 4 spell levels left.
You knew the following spells:

 Your Spells              Type           Power        Failure   Level  Hunger
a - Summon Small Mammal   Summ           ####         1%          1    None
b - Call Imp              Summ           ####....     1%          2    ##.....
c - Call Canine Familiar  Summ           ####....     1%          3    ###....


Dungeon Overview and Level Annotations

Branches:
Dungeon (4/15)
 Temple: D:4-7

Altars:


Innate Abilities, Weirdness & Mutations

You have a beak for a mouth.
You have claws for feet.
You can fly.


Message History

You hit the bullfrog. You freeze the bullfrog. Your peck misses the bullfrog.
The bullfrog is heavily wounded.
Your hound closely misses the bullfrog.
The bullfrog hits you.
* * * LOW HITPOINT WARNING * * *
Your crimson imp hits the bullfrog.
You hit the bullfrog. You freeze the bullfrog. Your kick misses the bullfrog.
The bullfrog is severely wounded.
Your hound barely misses the bullfrog.
The bullfrog barely misses you.
Your hound bites the bullfrog.
Your crimson imp barely misses the bullfrog.
You closely miss the bullfrog. Your peck misses the bullfrog.
The bullfrog is almost dead.
Your hound disappears in a puff of smoke!
The bullfrog hits you.
* * * LOW HITPOINT WARNING * * *
Your crimson imp barely misses the bullfrog.
You miss the bullfrog.
The bullfrog is almost dead.
The bullfrog hits you.
You die...

####+## #.....#
#.....#######
.####...ยง.......#
.......F@.#####.#
.###..5..(# #.#
#......# #.#
...(###### #.#
..#############.#
. ....[..<....#
#############


You could see a bullfrog and a friendly crimson imp.

Vanquished Creatures
  2 adders (D:2)
  An ooze (D:2)
  An adder skeleton (D:2)
  An orc (D:3)
  6 bats
  A bat zombie (D:2)
  A giant cockroach (D:1)
  4 goblins
  3 hobgoblins
  A jackal (D:2)
  3 kobolds
  A quokka (D:2)
  2 frilled lizards
  5 rats
32 creatures vanquished.

Vanquished Creatures (collateral kills)
  Sigmund (D:3)
  A hound (D:4)
  2 adders (D:2)
  An adder skeleton (D:2)
  A leopard gecko (D:1)
  A goblin (D:1)
  2 hobgoblins (D:1)
  4 jackals (D:2)
  4 kobolds (D:1)
  3 bats
  A frilled lizard (D:1)
  A jackal zombie (D:2)
  A leopard gecko skeleton (D:2)
  4 rats (D:1)
27 creatures vanquished.

Grand Total: 59 creatures vanquished

Notes
Turn   | Place    | Note
-------+----------+-------------------------------------------
     0 | D:1      | Moebius the Tengu Summoner began the quest for the Orb.
     0 | D:1      | Reached XP level 1. HP: 10/10 MP: 4/4
    41 | D:1      | Reached skill level 5 in Summonings
   417 | D:1      | Reached XP level 2. HP: 15/15 MP: 6/6
   426 | D:1      | Learned a level 2 spell: Call Imp
  1343 | D:1      | Reached XP level 3. HP: 19/19 MP: 4/7
  2056 | D:2      | Reached skill level 6 in Summonings
  2056 | D:2      | Reached XP level 4. HP: 24/24 MP: 2/9
  2061 | D:2      | Learned a level 3 spell: Call Canine Familiar
  2589 | D:3      | Noticed Sigmund
  2608 | D:3      | Killed Sigmund
  2608 | D:3      | Reached skill level 1 in Fighting
  2608 | D:3      | Reached skill level 1 in Maces & Flails
  2608 | D:3      | Gained mutation: You can fly. [Tengu growth]
  2608 | D:3      | Reached XP level 5. HP: 16/29 MP: 3/10
  2747 | D:4      | HP: 1/29 [bullfrog (5)]
  2748 | D:4      | Slain by a bullfrog

Vault maps used:
D:1:      minmay_arrival_hallway, minmay_ruptured
D:2:      serial_undead, serial_undead_a, serial_undead_f, serial_undead_b,
          serial_undead_e
D:3:      uniq_terence, uniq_sigmund, uniq_ijyb
D:4:      cheibrodos_ashenzari_chains, minmay_temple_entry_large_hall,
          cheibrodos_sewer_entry_drain

Skill      XL: |  1  2  3  4 |
---------------+-------------+-----
Summonings     | 5 6 |  6.5
Fighting       | 1 |  1.3
Maces & Flails | 1 |  1.4
Spellcasting   | 3 |  3.2
Dodging        | |  2.1
Stealth        | |  2.0

Action                   |  1- 3 |  4- 6 || total
-------------------------+-------+-------++-------
Melee: Club              |    77 |       ||    77
       Kick              |    19 |     6 ||    25
       Peck              |     5 |     5 ||    10
       Whip              |     7 |    32 ||    39
       Scythe            |       |     4 ||     4
 Cast: Summon Small Mamm |     8 |       ||     8
       Call Imp          |    15 |     3 ||    18
       Call Canine Famil |       |     3 ||     3
  Use: Potion            |     1 |     1 ||     2
       Scroll            |     2 |     1 ||     3
 Stab: Sleeping          |     3 |       ||     3
       Distracted        |     1 |       ||     1
  Eat: Chunk             |     4 |     3 ||     7
Armor: Robe              |    29 |     9 ||    38
       Skin              |       |     1 ||     1
Dodge: Dodged            |    74 |    30 ||   104

Table legend:
 A = Spawn XP
 B = Non-spawn XP
 C = Spawn XP percentage of total XP
 D = Spawn monster count
 E = Non-spawn monster count
 F = Spawn count percentage of total count
 G = Total turns spent on level
                    A         B        C        D         E        F      G
               +---------+---------+-------+---------+---------+-------+---------
         Total |       0 |     250 |   0.0 |       0 |      59 |   0.0 |  2748
               +---------+---------+-------+---------+---------+-------+---------
           D:1 |       0 |      36 |   0.0 |       0 |      28 |   0.0 |  1513
           D:2 |       0 |      77 |   0.0 |       0 |      24 |   0.0 |   983
           D:3 |       0 |     112 |   0.0 |       0 |       6 |   0.0 |   212
           D:4 |       0 |      25 |   0.0 |       0 |       1 |   0.0 |    40
               +---------+---------+-------+---------+---------+-------+---------
